 Dungeon Crawl Stone Soup version 0.29-a0-344-ge2f44be95a (webtiles) character file.

Game seed: 16963804794746875885

39 Skoner the Shield-Bearer (level 3, 0/23 HPs)
             Began as a Gargoyle Fighter on Apr 21, 2022.
             Splashed by a jelly's acid (4 damage)
             ... on level 2 of the Dungeon.
             The game lasted 00:01:31 (1901 turns).

Skoner the Shield-Bearer (Gargoyle Fighter)         Turns: 1901, Time: 00:01:31

Health: 0/23       AC:  3    Str: 21    XL:     3   Next: 45%
Magic:  3/3        EV:  9    Int:  8    God:
Gold:   56         SH:  4    Dex:  9    Spells: 2/2 levels left

rFire   . . .      SeeInvis .   a - +0 flail
rCold   . . .      Faith    .   c - +0 buckler
rNeg    + . .      Spirit   .   b - +0 scale mail
rPois   ∞          Reflect  .   (no helmet)
rElec   +          Harm     .   (no cloak)
rCorr   .          Rampage  .   n - +0 pair of gloves
Will    .....                   (no boots)
Stlth   ..........              (no amulet)
HPRegen 0.07/turn               (no ring)
MPRegen 0.08/turn               (no ring)

@: corroded
A: sickness immunity, AC +3, negative energy resistance 1, electricity
resistance, torment resistance 1, petrification resistance
a: no special abilities


You were on level 2 of the Dungeon.
You visited 1 branch of the dungeon, and saw 2 of its levels.

You collected 56 gold pieces.

Inventory:

Hand Weapons
 a - a +0 flail (weapon)
Armour
 b - a +0 scale mail (worn)
 c - a +0 buckler (worn)
 n - a +0 pair of gloves (worn)
Jewellery
 i - a ring of protection from cold
 j - a ring of flight
 m - a +4 ring of evasion
Scrolls
 e - a scroll of magic mapping {unknown}
 f - a scroll of fear {unknown}
 o - a scroll of identify {unknown}
Potions
 d - a potion of might
 g - a potion of attraction {unknown}
 h - 5 potions of heal wounds {unknown}
 k - a potion of invisibility {unknown}
 l - 2 potions of brilliance {unknown}


   Skills:
 * Level 3.5 Fighting
 * Level 2.5 Maces & Flails
 * Level 3.5 Armour
 * Level 0.5 Dodging
 * Level 3.7 Shields
 * Level 0.1 Invocations


You had 2 spell levels left.
You didn't know any spells.
Your spell library contained the following spells:

 Spells                   Type           Power      Damage    Failure   Level
 Ozocubu's Armour         Ice            0%         N/A       99%         3
 Ozocubu's Refrigeration  Ice            0%         4d5       100%        7


Dungeon Overview and Level Annotations

Branches:
Dungeon (2/15)

Altars:


Innate Abilities, Weirdness & Mutations

You are immune to sickness and miasma.
Your stone body is resilient. (AC +3)
You are immune to poison.
You resist negative energy. (rN+)
You are resistant to electric shocks. (rElec)
You are resistant to unholy torment.
You are immune to petrification.


Message History

You kill the kobold!
No target in view!
No target in view!
No target in view!
No target in view!
No target in view!
No target in view!
No target in view!
Things that are here:
a +0 short sword; a stone As you open the door, it creaks loudly!
An endoplasm comes into view.
The endoplasm quivers.
A jelly comes into view.
Found a goblin skeleton and a rat skeleton.
There are monsters nearby! 9 endoplasms come into view.
Found four items.
The endoplasm quivers. x6
The endoplasm hits the fungus.
The fungus begins to die.
There is an open door here.
There are monsters nearby!
You hit the endoplasm but do no damage. You block the endoplasm's attack.
The endoplasm hits you but does no damage.
The jelly hits the fungus.
The fungus begins to die.
The fungus is splashed with acid.
The acid corrodes the fungus!
You hit the endoplasm but do no damage.
Something hits the fungus.
You hit the jelly.
Your hands burn!
The jelly is lightly wounded.
Something hits the fungus.
The endoplasm hits the fungus.
You sock the jelly!
Your hands burn!
The jelly is severely wounded.
A nearby fungus withers and dies.
You block the jelly's attack. The jelly hits you. The acid corrodes you!
You are splashed with acid!
* * * LOW HITPOINT WARNING * * *
You are too injured to fight recklessly!
You are too injured to fight recklessly!
You are too injured to fight recklessly!
You hit the jelly. The acid corrodes you!
Your hands burn!
You die...

########.....###.))..##
#.#
.......#.....##.......#
#.#
...........####.)).)..#
#.# .......###.##
#.......# #.# .......#
#..# #.......# #.#
######## ##.# #....####
#.# #.# #....'..###.#
#.# ########.##.# #.#
##@..)..###.# #.#
#J####### #†#
#.##JJ.PJ.J.. #.#
#.##.J.PJP... #.#
#.##÷P.PJ..J. #.# #..
#.##÷...JJ.P. #.# #...#
#.##.P...P÷÷. #.# #...#
#.##...P.÷..! #.# #...#
#.########### #.#


You could see a jelly and 3 endoplasms.

Vanquished Creatures
  A dart slug (D:2)
  2 endoplasms (D:1)
  A giant cockroach (D:2)
  A goblin (D:1)
  2 hobgoblins (D:1)
  6 jackals (D:1)
  A ball python (D:1)
  5 bats
  4 frilled lizards
  11 kobolds
  3 rats
37 creatures vanquished.

Vanquished Creatures (others)
  5 fungi (D:2)
  4 toadstools (D:2)
9 creatures vanquished.

Grand Total: 46 creatures vanquished

Notes
Turn   | Place    | Note
-------+----------+-------------------------------------------
     0 | D:1      | Skoner the Gargoyle Fighter began the quest for the Orb.
     0 | D:1      | Reached XP level 1. HP: 14/14 MP: 1/1
   165 | D:1      | Reached XP level 2. HP: 14/19 MP: 2/2
   736 | D:1      | Found a faded altar of an unknown god.
   929 | D:1      | Reached XP level 3. HP: 18/23 MP: 3/3
  1901 | D:2      | Splashed by a jelly's acid

Illustrated notes

Levels and vault maps discovered:
D:1:      erik_arrival_cave_to_civilisation [erik_arrival_cave_to_hall],
          layout_basic, dreamdust_ecumenical_altar_angels_and_demons
D:2:      cheibrodos_fertilizer, layout_basic

Action                   || total
-------------------------++-------
Melee: Flail             ||   124
Armor: Scale mail        ||    87
Dodge: Dodged            ||    78
Block: Buckler           ||    28

Table legend: (Time is in decaauts)
 A = Elapsed time spent in this place.
 B = Non-inter-level travel time spent in this place.
 C = Inter-level travel time spent in this place.
 D = Time resting spent in this place.
 E = Time spent auto-exploring this place.
 F = Levels seen in this place.
 G = Mean time per level.
                   A        B        C        D        E       F      G
               +--------+--------+--------+--------+--------+-----+--------+
         Total |   1939 |   1939 |      0 |    260 |   1398 |   2 |  969.5 |
       Dungeon |   1939 |   1939 |      0 |    260 |   1398 |   2 |  969.5 |
               +--------+--------+--------+--------+--------+-----+--------+

Top non-repeatable levels by time:
     D:1: 1101 daAuts
     D:2: 838 daAuts
